 Dungeon Crawl Stone Soup version 0.29.0-7-g18a832c13a (webtiles) character file.

Game seed: 3985267786825178221

207 Colgate the Insei (level 5, 0/33 HPs)
             Began as an Octopode Transmuter on Aug 30, 2022.
             Was a High Priest of Ignis.
             Slain by a river rat (3 damage)
             ... in a sewer.
             The game lasted 00:08:14 (3881 turns).

Colgate the Insei (Octopode Transmuter)             Turns: 3881, Time: 00:08:15

Health: 0/33       AC:  2    Str:  9    XL:     5   Next: 85%
Magic:  5/8        EV: 19    Int: 17    God:    Ignis [*****.]
Gold:   189        SH:  0    Dex: 18    Spells: 2/8 levels left

rFire   + . .      SeeInvis .     - Unarmed
rCold   . . .      Faith    .   (shield currently unavailable)
rNeg    . . .      Spirit   .   (helmet currently unavailable)
rPois   x          Reflect  .   (no amulet)
rElec   .          Harm     .   f - ring of flight
rCorr   .          Rampage  .   (no ring)
Will    .....                   (no ring)
Stlth   ++........              (no ring)
HPRegen 0.11/turn               (no ring)
MPRegen 0.11/turn               (no ring)
                                (no ring)
                                (no ring)

@: spider-form, flying
A: venomous fangs, almost no armour, (amphibious), 8 rings, tiny, (camouflage
1), (gelatinous body 1), (nimble swimmer 1), (tentacles)
a: End Transformation, Renounce Religion, Fiery Armour, Foxfire Swarm, Rising
Flame


You were in a sewer.
You worshipped Ignis.
Ignis was extremely pleased with you.
You were a venomous arachnid creature.
You visited 1 branch of the dungeon, and saw 4 of its levels.
You also visited: Sewer.

You collected 189 gold pieces.

Inventory:

Missiles
 m - 4 poisoned darts
Jewellery
 f - a ring of flight (left front leg)
Scrolls
 b - 2 scrolls of butterflies {unknown}
 j - a scroll of vulnerability {unknown}
 k - a scroll of brand weapon {unknown}
 l - 3 scrolls of amnesia {unknown}
 n - a scroll of enchant weapon {unknown}
Potions
 a - 3 potions of lignification
 c - a potion of heal wounds {unknown}
 d - 3 potions of mutation
 e - a potion of attraction
 g - 2 potions of might {@q3}
 h - a potion of resistance {@q5}
 i - a potion of curing {unknown}


   Skills:
 + Level 1.2 Fighting
 - Level 2.0 Dodging
 - Level 5.0 Unarmed Combat
 - Level 2.0 Spellcasting
 - Level 4.0 Transmutations
 - Level 1.0 Poison Magic


You had 2 spell levels left.
You knew the following spells:

 Your Spells              Type           Power      Damage    Failure   Level
a - Beastly Appendage     Tmut           30%        N/A       12%         1
b - Wereblood             Tmut           15%        N/A       16%         2
c - Spider Form           Tmut/Pois      10%        N/A       41%         3

Your spell library contained the following spells:

 Spells                   Type           Power      Damage    Failure   Level
 Ice Form                 Ice/Tmut       8%         N/A       82%         4


Dungeon Overview and Level Annotations

Branches:
Dungeon (4/15)              Sewer (1/1)
 Temple: D:4-7

Altars:
The Shining One
Ignis


Innate Abilities, Weirdness & Mutations

You are a venomous arachnid creature.
You have poisonous fangs.
You are tiny and dextrous.
Your spellcasting is less reliable in this form.
Your armour is entirely melded.
You are incapable of wielding weapons or throwing items.
You cannot wear most types of armour.
((You are amphibious.))
You can wear up to eight rings at the same time.
((Your skin changes colour to match your surroundings (Stealth+).))
((Your rubbery body absorbs attacks. (AC +1, EV +1)))
((You are camouflaged when in or above water. (Stealth+)))
((You have tentacles for arms and can constrict up to eight enemies at once.))


Message History

You are no longer poisoned.
Okay, then.
You start resting.
Magic restored.
HP restored.
Found two gates leading back out of this place.
You reach down and open the large door. 3 river rats come into view.
The river rat bites you.
There is a large open door here.
You tentacle-slap the river rat but do no damage.
You grab the river rat. Your squeeze misses the river rat.
You constrict the river rat, but do no damage.
The river rat bites you. The river rat barely misses you.
You tentacle-slap the river rat.
You constrict the river rat, but do no damage.
The river rat misses you. The river rat bites you!
Casting: Wereblood (safe; 5% risk of failure)
You turn into a venomous arachnid creature.
You lose your grip on the river rat.
The river rat completely misses you. x2
The river rat bites you.
You hit the river rat.
The river rat is poisoned.
The river rat closely misses you. x3
You hit the river rat but do no damage.
The river rat looks as sick as possible!
The river rat closely misses you. The river rat completely misses you.
The river rat closely misses you.
You barely miss the river rat. The river rat barely misses you.
The river rat closely misses you. The river rat bites you.
You bite the river rat!
You kill the river rat!
The river rat misses you. The river rat bites you.
You barely miss the river rat. The river rat closely misses you.
The river rat bites you!
* * * LOW HITPOINT WARNING * * *
You barely miss the river rat. You barely miss the river rat.
The river rat bites you but does no damage.
The river rat bites you.
You die...

#################################
~~.~~.~~..~..~~~.~~~~~..~.~~~~~~≈
≈≈≈≈≈≈≈≈≈≈≈≈≈≈≈≈≈≈≈≈≈≈†≈≈≈≈≈≈≈≈.≈
~~~~.~~.~.~~~.~~~~~~~~~~.~~.~~≈~≈
###~≈~#######################~≈~#
#~≈~# ###### ###### #~≈~# #~≈~#
#.r..# #..†.# #~≈.# #~≈.#
#####rs#####''#####~≈~# #~≈~#
#∩..............~.~~~.#
#∩..............†~~~†~#
#####++#####''#####~≈~# #.!!.#
#~≈~# ###### #~≈.# #~≈~# ~~≈~#
≈≈.≈~#


You could see 2 river rats.

Vanquished Creatures
  An orc priest (D:3)
  A gnoll (D:1)
  6 adders
  2 river rats (Sewer)
  A worm (D:2)
  2 dart slugs
  3 orcs (D:3)
  6 endoplasms
  7 giant cockroaches
  4 hobgoblins
  7 jackals (D:2)
  10 kobolds
  4 quokkas
  6 ball pythons
  6 bats
  6 frilled lizards
  6 goblins
  7 rats
85 creatures vanquished.

Notes
Turn   | Place    | Note
-------+----------+-------------------------------------------
     0 | D:1      | Colgate the Octopode Transmuter began the quest for the
                  | Orb.
     0 | D:1      | Reached XP level 1. HP: 13/13 MP: 3/3
   262 | D:1      | Reached XP level 2. HP: 10/18 MP: 5/5
   517 | D:1      | Found a faded altar of an unknown god.
   662 | D:1      | Prayed at the altar of an unknown god.
   662 | D:1      | Became a worshipper of Ignis, the Dying Flame
  1010 | D:1      | Reached skill level 4 in Unarmed Combat
  1010 | D:1      | Reached XP level 3. HP: 3/23 MP: 4/6
  1305 | D:1      | Learned a level 2 spell: Wereblood
  1309 | D:1      | Learned a level 3 spell: Spider Form
  1733 | D:2      | Found a glowing golden altar of the Shining One.
  1956 | D:2      | Reached XP level 4. HP: 24/28 MP: 7/7
  2099 | D:2      | Reached skill level 5 in Unarmed Combat
  2500 | D:3      | Reached skill level 1 in Poison Magic
  2511 | D:3      | Reached XP level 5. HP: 13/33 MP: 3/8
  3480 | D:4      | Found a glowing drain.
  3547 | Sewer    | Entered a sewer
  3881 | Sewer    | Slain by a river rat

Illustrated notes

Levels and vault maps discovered:
D:1:      scummos_arrival_checkerplants, layout_loops_ring,
          hellmonk_ecumenical_altar_arch_garden, chequers_serial_rivers_large_a
D:2:      layout_rooms, basic_altar
D:3:      layout_loops_ring
D:4:      layout_cave_pods, mainiacjoe_overflow_brackets, portal_sewer_entry_f,
          biasface_ghost_orc_armoury
Sewer:    sewer_fruit_machine

Skill      XL: |  1  2  3  4  5 |
---------------+----------------+-----
Unarmed Combat | 4 5 |  5.0
Poison Magic   | 1 |  1.0
Transmutations | 4 |  4.0
Fighting       | |  1.2
Dodging        | |  2.0
Spellcasting   | |  2.0

Action                   |  1- 3 |  4- 6 || total
-------------------------+-------+-------++-------
Melee: Unarmed           |    84 |   112 ||   196
       Constrict         |    24 |    13 ||    37
       Tentacles         |    19 |    10 ||    29
       Punch             |     3 |     3 ||     6
       Kick              |     3 |       ||     3
 Cast: Beastly Appendage |     3 |       ||     3
       Spider Form       |       |    11 ||    11
       Wereblood         |       |     6 ||     6
  Use: Scroll            |       |     4 ||     4
 Stab: Sleeping          |     4 |     1 ||     5
Armor: Skin              |     5 |    18 ||    23
Dodge: Dodged            |    47 |   111 ||   158
